 Dungeon Crawl Stone Soup version 0.30-a0-540-g0af01429fa (webtiles) character file.

Game seed: 14699794389945194336

21 porpoise the Caller (level 2, 0/19 HPs)
             Began as a Barachi Summoner on Dec 26, 2022.
             Succumbed to an adder's poison
             ... on level 2 of the Dungeon.
             The game lasted 00:07:24 (1428 turns).

porpoise the Caller (Barachi Summoner)              Turns: 1428, Time: 00:07:25

Health: 0/19       AC:  2    Str:  9    XL:     2   Next: 83%
Magic:  5/5        EV: 12    Int: 15    God:
Gold:   70         SH:  0    Dex: 12    Spells: 3/6 levels left

rFire   . . .      SeeInvis .    a - +0 dagger
rCold   . . .      Faith    .    (no shield)
rNeg    . . .      Spirit   .    c - +0 robe
rPois   .          Reflect  .    (no helmet)
rElec   .          Harm     .    (no cloak)
rCorr   .          Rampage  .    (no gloves)
Will    .....                    (no boots)
Stlth   ++                       i - amulet of magic regeneration
HPRegen 0.23/turn                (no ring)
MPRegen 0.49/turn                (no ring)

@: lethally poisoned (0 -> -4), attractive, hasted, quick
A: amphibious, slowness 1, strong legs 1, +LOS, MP-powered wands
a: Hop


You were on level 2 of the Dungeon.
You visited 1 branch of the dungeon, and saw 2 of its levels.

You collected 101 gold pieces.
You spent 31 gold pieces at shops.

Inventory:

Hand Weapons
 a - a +0 dagger (weapon)
Missiles
 e - 5 poisoned darts
Armour
 c - a +0 robe (worn)
Jewellery
 i - an amulet of magic regeneration (around neck)
 r - a ring of fire
Scrolls
 f - a scroll of fog {unknown}
 g - a scroll of vulnerability {unknown}
 h - a scroll of enchant armour {unknown}
 j - a scroll of identify {unknown}
 k - a scroll of magic mapping {unknown}
 n - a scroll of teleportation {unknown}
 o - a scroll of enchant weapon {unknown}
Potions
 b - a potion of magic
 p - a potion of heal wounds {unknown}
 q - a potion of curing {unknown}


   Skills:
 - Level 2.1 Dodging
 - Level 1.7 Stealth
 + Level 2.8 Spellcasting
 + Level 5.3 Summonings


You had 3 spell levels left.
You knew the following spells:

 Your Spells              Type           Power      Damage    Failure   Level
a - Summon Small Mammal   Summ           72%        N/A       2%          1
b - Call Imp              Summ           18%        N/A       3%          2

Your spell library contained the following spells:

 Spells                   Type           Power      Damage    Failure   Level
 Call Canine Familiar     Summ           18%        N/A       7%          3
 Summon Guardian Golem    Hex/Summ       10%        N/A       21%         3
 Cigotuvi's Dreadful Rot  Necr/Pois/Air  4%         N/A       30%         2
 Poisonous Vapours        Pois/Air       4%         N/A       30%         2
 Mephitic Cloud           Conj/Pois/Air  2%         N/A       52%         3
 Summon Lightning Spire   Summ/Air       10%        N/A       56%         4


Dungeon Overview and Level Annotations

Branches:
Dungeon (2/15)

Altars:

Shops:
D:1 *   D:2 !?


Innate Abilities, Weirdness & Mutations

You are amphibious.
You cover ground slowly.
You can hop short distances.
You have an extended range of vision and can be seen from far away.
You expend magic power (3 MP) to strengthen your wands.


Message History

The adder poisons you!
You barely miss the adder.
The adder is lightly wounded.
You feel sick.
Your bat barely misses the adder.
The adder bites you.
You hit the adder.
The adder is heavily wounded.
You feel sick.
Your bat hits the adder. The adder bites you.
You are more poisoned.
The adder poisons you!
Your crimson imp barely misses the adder.
You barely miss the adder.
The adder is heavily wounded.
You feel sick.
Your bat hits the adder. The adder bites you.
You are lethally poisoned!
The adder poisons you!
Your crimson imp closely misses the adder.
The adder closely misses you.
You closely miss the adder.
The adder is heavily wounded.
You feel very sick.
Your bat hits the adder. The adder bites you.
* * * LOW HITPOINT WARNING * * *
Your crimson imp blinks!
You closely miss the adder.
The adder is heavily wounded.
* * * LOW HITPOINT WARNING * * *
You feel sick.
Your bat closely misses the adder.
The adder bites you but does no damage.
It was a potion of attraction.
You feel attractive to monsters.
* * * LOW HITPOINT WARNING * * *
You feel sick.
Your bat barely misses the adder.
The adder misses you.
It was a potion of haste.
You feel yourself speed up.
* * * LOW HITPOINT WARNING * * *
You feel sick.
Your bat hits the adder but does no damage.
The adder barely misses you. The adder closely misses you.
It was a potion of mutation.
You feel extremely strange.
You feel your magical essence link to the dungeon's wands.
You die...

### .. ... ###.## # #..
#.... #.#.#.#.#.# #
#.#.#.#.#.###### ###
###.#.#.. ..............
#.......###...........#.
...#.#.b.....#.#######.#.
......<.@...5..........##
..#..#.#S###.#.######..##
#. #.#.#..........#..##
#.#.#.#...#.##......
#.#.#..##.#.####..##
#.#.#.....#.........
....#..####..###..##
...#..#..........##
#8.#..#.##..####.##


You could see an adder (ally target), a friendly crimson imp (summoned) and a
friendly bat (summoned).

Vanquished Creatures
  An endoplasm (D:1)
  3 goblins (D:1)
  A bat (D:1)
  A rat (D:1)
6 creatures vanquished.

Vanquished Creatures (collateral kills)
  A dart slug (D:1)
  A bat (D:1)
  An endoplasm (D:1)
  A giant cockroach (D:1)
  A goblin (D:1)
  A hobgoblin (D:1)
  A ball python (D:1)
  2 frilled lizards (D:1)
  3 kobolds
12 creatures vanquished.

Grand Total: 18 creatures vanquished

Notes
Turn   | Place    | Note
-------+----------+-------------------------------------------
     0 | D:1      | porpoise the Barachi Summoner began the quest for the Orb.
     0 | D:1      | Reached XP level 1. HP: 13/13 MP: 3/3
   244 | D:1      | Reached skill level 5 in Summonings
   408 | D:1      | Reached XP level 2. HP: 19/19 MP: 2/5
   511 | D:1      | Found Zafifukk's Assorted Antiques.
   520 | D:1      | Bought a scroll labelled BUSOLO AFYLE for 31 gold pieces
   952 | D:1      | You fall into a shaft and drop 1 floor!
   989 | D:2      | Found Pitoo's Distillery.
  1255 | D:1      | Learned a level 2 spell: Call Imp
  1376 | D:2      | Found Lera's Magic Scroll Boutique.
  1428 | D:2      | Gained mutation: You expend magic power (3 MP) to
                  | strengthen your wands. [potion of mutation]
  1428 | D:2      | Succumbed to an adder's poison

Illustrated notes

Levels and vault maps discovered:
D:1:      eino_arrival_water_star, layout_basic, serial_shops, shop,
          nicolae_hexahallways, corner_web_ring, fountainhead
D:2:      layout_basic, serial_shops, shop_statue, shop, nicolae_shop_crystal,
          shop_statue, shop, uniq_terence

Skill      XL: |  1 |
---------------+----+-----
Summonings     | 5 |  5.3
Dodging        | |  2.1
Stealth        | |  1.7
Spellcasting   | |  2.8

Action                   || total
-------------------------++-------
Melee: Dagger            ||    24
       Unarmed           ||     2
 Cast: Summon Small Mamm ||    22
       Call Imp          ||     1
  Use: Potion            ||     3
 Stab: Distracted        ||     1
       Sleeping          ||     1
Armor: Robe              ||     3
Dodge: Dodged            ||    28

Table legend: (Time is in decaauts)
 A = Elapsed time spent in this place.
 B = Non-inter-level travel time spent in this place.
 C = Inter-level travel time spent in this place.
 D = Time resting spent in this place.
 E = Time spent auto-exploring this place.
 F = Levels seen in this place.
 G = Mean time per level.
                   A        B        C        D        E       F      G
               +--------+--------+--------+--------+--------+-----+--------+
         Total |   1615 |   1586 |     29 |    267 |   1060 |   2 |  807.5 |
       Dungeon |   1615 |   1586 |     29 |    267 |   1060 |   2 |  807.5 |
               +--------+--------+--------+--------+--------+-----+--------+

Top non-repeatable levels by time:
     D:1: 1500 daAuts
     D:2: 114 daAuts
